 Dungeon Crawl Stone Soup version 0.19.1-1-g22dce08 (console) character file.

440100 Kloppie the Slayer (level 22, -4/248 HPs)
             Began as a Green Draconian Berserker on Jan 20, 2017.
             Was the Champion of Trog.
             Slain by an ettin
             ... wielding a +0 dire flail
              (18 damage)
             ... while paralysed by Xtahua
             ... on level 5 of the Depths on Jan 21, 2017.
             The game lasted 01:31:19 (48624 turns).

Kloppie the Slayer (Green Draconian Berserker)     Turns: 48624, Time: 01:31:20

Health: -4/248     AC: 24    Str: 19    XL:     22   Next: 69%
Magic:  7/7        EV:  2    Int: 13    God:    Trog [******]
Gold:   3812       SH:  0    Dex: 19    Spells: 0 memorised, 21 levels left

rFire  . . .     SeeInvis .     a - +8 broad axe (antimagic)
rCold  + . .     Gourm    .     (armour unavailable)
rNeg   + . .     Faith    .     B - +0 shield {rC+}
rPois  +         Spirit   .     X - +2 hat {Int+3}
rElec  +         Reflect  +     F - +2 cloak
rCorr  .         Harm     .     w - +5 pair of gloves "Moelil" {rElec}
MR     +....     Clarity  +     Q - +1 pair of boots {Fly}
Stlth  +++++.....               z - brooch of Shielding {Reflect SH+8}
                                k - ring of positive energy
                                f - +4 ring of evasion

@: paralysed
A: breathe noxious fumes, unfitting armour, stinger 1, clarity, poison
resistance, robust 1, cold-blooded, subdued magic 1, MP-powered wands, AC +11
a: Breathe Noxious Fumes, Berserk, Trog's Hand, Brothers in Arms, Burn
Spellbooks, Renounce Religion, Evoke Flight
}: 3/15 runes: serpentine, silver, abyssal


You were on level 5 of the Depths.
You worshipped Trog.
Trog was exalted by your worship.
You were not hungry.

You visited 6 branches of the dungeon, and saw 37 of its levels.
You visited the Abyss 1 time.
You also visited: Labyrinth and Ice Cave.

You collected 4442 gold pieces.
You spent 630 gold pieces at shops.

Inventory:

Hand Weapons
 a - a +8 antimagic broad axe (weapon)
 b - a +0 demon whip of flaming
 K - a +3 broad axe of freezing
Armour
 w - the +5 pair of gloves "Moelil" (worn) {rElec}
   (You found it on level 7 of the Dungeon)

   It insulates you from electricity.
 B - a +0 shield of cold resistance (worn)
 F - a +2 cloak (worn)
 Q - a +1 pair of boots of flying (worn)
 X - a +2 hat of intelligence (worn)
Rods
 p - a +6 rod of ignition (14/14)
   (You took it off a minotaur in a labyrinth)
Jewellery
 d - an uncursed amulet of guardian spirit
 f - a +4 ring of evasion (left hand)
 k - a ring of positive energy (right hand)
 y - an uncursed ring of resist corrosion
 z - the brooch of Shielding (around neck) {Reflect SH+8}
   (You found it on level 5 of the Lair of Beasts)

   [amulet of reflection]

   It shields you and reflects attacks.
   It affects your SH (+8).
 E - an uncursed ring of see invisible
 I - an uncursed ring of protection from cold
Wands
 v - a wand of digging (15/24)
 x - a wand of digging (17/24)
 D - a wand of teleportation (5/9)
 H - a wand of disintegration (11/24)
Scrolls
 c - 6 scrolls of blinking
 e - 2 scrolls of teleportation
 g - 4 scrolls of remove curse
 h - 3 scrolls of fear
 j - 6 scrolls of recharging
 q - 5 scrolls of identify
 t - 5 scrolls of fog
 u - 7 scrolls of magic mapping
 G - a scroll of brand weapon
 P - 2 scrolls of holy word
Potions
 o - 8 potions of curing
 s - a potion of cancellation
 A - 2 potions of cure mutation
 J - a potion of haste
 L - a potion of flight
 V - 2 potions of resistance
 W - 2 potions of heal wounds
Books
 N - a book of Flames

   Spells                             Type                      Level
   a - Flame Tongue                   Conjuration/Fire             1
   b - Throw Flame                    Conjuration/Fire             2
   c - Conjure Flame                  Conjuration/Fire             3
   d - Inner Flame                    Hexes/Fire                   3
   e - Sticky Flame                   Conjuration/Fire             4
   f - Fireball                       Conjuration/Fire             5
   Trog disapproves of the use of such an item.
Comestibles
 i - 5 chunks of flesh
 l - a royal jelly
 m - 5 meat rations
 n - 14 beef jerkies
 r - 9 slices of pizza
 C - 68 fruits
 M - 20 bread rations


   Skills:
 + Level 25.5 Fighting
 - Level 18.0 Axes
 - Level 17.8 Dodging
 - Level 12.1 Stealth
 - Level 15.1 Shields


You had 21 spell levels left.
You didn't know any spells.

Dungeon Overview and Level Annotations

Branches:
Dungeon (15/15)            Temple (0/1) D:7            Lair (6/6) D:10
 Shoals (0/4) Lair:3        Snake (4/4) Lair:2        Slime (0/5) Lair:6
    Orc (2/2) D:12            Elf (0/3) Orc:2        Vaults (5/5) D:14
  Crypt (0/3) Vaults:3     Depths (5/5) D:15
    Zot: Depths:5

Altars:
Ashenzari
Cheibriados
Elyvilon
Fedhas
Hepliaklqana
Nemelex Xobeh
Qazlal
Sif Muna
Trog
Uskayaw
Vehumet
Xom
Yredelemnul
Jiyva

Shops:
Orc:2 (!}!   Snake:1 (((?   Vaults:2 :?

Portals:
Hell: Depths:1 Depths:2 Depths:3 Depths:4
Pandemonium: Orc:2 Depths:1
Trove: Depths:4 (give 5 potions of resistance)

Annotations:
Lair:6 1 runed door
Depths:5 Xtahua


Innate Abilities, Weirdness & Mutations

You can breathe blasts of noxious fumes.
Your lurid green scales are hard. (AC +11)
You cannot fit into any form of body armour.
Your tail ends in a poisonous barb.
Your system is resistant to poisons. (rPois)
You are cold-blooded and may be slowed by cold attacks.
You possess an exceptional clarity of mind.
You are robust. (+10% HP)
Your spells are a little easier to cast, but a little less powerful.
You expend magic power (3 MP) to strengthen your wands.


Message History

The ettin hits you with a dire flail. Xtahua bites you but does no damage.
Xtahua claws you but does no damage. Xtahua tramples you.
You are shoved backwards!
The ettin hits you with a dire flail! The ettin hits you with a dire flail!!
* * * LOW HITPOINT WARNING * * *
Xtahua breathes flames at you.
Helpless, you fail to dodge the searing blast.
* * * LOW HITPOINT WARNING * * *
The ettin hits you but does no damage. The ettin hits you with a dire flail.
* * * LOW HITPOINT WARNING * * *
Xtahua bites you but does no damage. Xtahua claws you!
* * * LOW HITPOINT WARNING * * *
Xtahua barely misses you. The ettin hits you but does no damage.
The ettin hits you with a dire flail!
* * * LOW HITPOINT WARNING * * *
Xtahua bites you but does no damage. Xtahua claws you.
* * * LOW HITPOINT WARNING * * *
Xtahua tramples you but does no damage. The ettin hits you with a dire flail!!
You die...

................+
................# #
............)...#
#.###.###.........# ..
#.#...........#####
#.#.###......<.=.....
.....#.........##...
#.###.#.#.########....
........D@..ยง....
....#
..###.#.#C####### .###
...!.#D.. #
#.#.###..... .. #.
......# #. # #.....# #
........ .......#


You could see Xtahua, an ice dragon and an ettin.

Vanquished Creatures
  An ancient lich (Vaults:5)
  Mara (Depths:2)
  Bai Suzhen (Depths:2)
  Saint Roka (Snake:4)
  A golden dragon (Depths:3)
  the Enchantress (Depths:1)
  Jorgrun (Snake:2)
  4 tentacled monstrosities
  A quicksilver dragon (Depths:2)
  6 liches
  4 titans
  A deep elf master archer (Depths:2)
  2 tentacled starspawn (Abyss:3)
  Agnes (Snake:4)
  3 sphinxes
  Frances (D:12)
  Kirke (Snake:2)
  4 storm dragons
  A shadow dragon (Vaults:4)
  7 tengu reavers
  A storm dragon (shapeshifter) (Depths:2)
  12 nagarajas
  7 frost giants
  4 iron dragons
  The ghost of Dolanko the Bludgeoner, a journeyman MiBe of Trog (Lair:6)
  2 ghost moths (Depths:2)
  11 fire giants
  Aizul (Depths:2)
  A ghost moth (shapeshifter) (Depths:2)
  2 deep elf sorcerers
  The ghost of donomii the Corrupter of Planes, a journeyman FoAK of Lugonu (D:15)
  15 vault wardens
  16 ironheart preservers
  The ghost of humperndinck the Thaumaturge, a journeyman DrVM of Sif Muna (D:14)
  A ghoul (Vaults:2)
  14 very ugly things
  3 spriggan defenders (Depths:1)
  4 war gargoyles
  11 stone giants
  A vampire knight (Depths:4)
  2 small abominations (Vaults:5)
  A lorocyproca (Depths:2)
  2 deep elf demonologists
  A deep elf annihilator (Vaults:4)
  Azrael (D:15)
  8 spark wasps
  Snorg (Orc:2)
  A merfolk javelineer (Depths:3)
  16 ettins
  2 crystal guardians
  A minotaur (Lab)
  A fire dragon (shapeshifter) (Depths:2)
  9 fire dragons
  4 deep elf death magi
  A deep elf high priest (Vaults:5)
  A great orb of eyes (shapeshifter) (Abyss:3)
  8 ice dragons
  9 naga warriors
  7 great orbs of eyes
  6 yaktaur captains
  2 juggernaut simulacra (Depths:2)
  34 vault guards
  7 hydras
  6 rakshasas
  4 spriggan air magi
  11 centaur warriors
  9 anacondas
  An anaconda (shapeshifter) (Depths:2)
  4 catoblepae
  A death knight (Vaults:2)
  The ghost of Nefinien the Protected, a journeyman TeBe of Trog (Lair:2)
  3 tengu warriors
  4 deep troll shamans
  12 ogre magi
  A vampire mage (Depths:2)
  3 death yaks (Lair:6)
  A spriggan berserker (Depths:4)
  4 thrashing horrors (Abyss:3)
  3 dancing weapons
  4 orc high priests (Orc:2)
  5 deep troll earth magi
  7 naga sharpshooters
  5 shock serpents
  A soul eater (Orc:2)
  4 deep elf knights
  A sun demon (Orc:2)
  7 hell knights
  3 skeletal warriors
  2 wretched stars (Abyss:3)
  A spark wasp zombie (Depths:3)
  2 shadow wraiths
  2 iron trolls (Depths:3)
  3 flayed ghosts
  11 unseen horrors
  3 wizards
  21 deep trolls
  4 glowing orange brains
  2 torturous demonspawn (Orc:2)
  8 ironbrand convokers
  7 naga ritualists
  5 hill giants
  2 deep elf archers
  4 necromancers
  13 orc knights
  A phantasmal warrior (Vaults:2)
  8 mana vipers
  9 salamanders
  8 orc sorcerers
  27 ugly things
  A tengu skeleton (Vaults:3)
  4 cyclopes
  13 deep elf magi
  3 wolf spiders (Vaults:2)
  A manticore (Lair:3)
  An oklob plant (Lair:6)
  A stone giant skeleton (Vaults:5)
  36 black mambas
  Psyche (D:10)
  19 naga magi
  14 vault sentinels
  An ice statue (IceCv)
  14 elephants
  A guardian serpent (Snake:2)
  A gargoyle (D:10)
  A smoke demon (Orc:2)
  A centaur skeleton (D:13)
  8 spiny frogs
  14 freezing wraiths
  3 rime drakes (Lair:6)
  50 yaktaurs
  10 komodo dragons
  A kobold demonologist (D:15)
  An efreet (Depths:2)
  A yaktaur (shapeshifter) (Vaults:1)
  A red devil (Orc:2)
  3 ice devils
  A tengu conjurer (D:15)
  2 meliai (D:15)
  A tyrant leech (shapeshifter) (Abyss:3)
  A wind drake (shapeshifter) (Vaults:1)
  3 hornets
  4 trolls
  17 two-headed ogres
  3 large abominations
  An iron dragon simulacrum (Depths:3)
  A two-headed ogre (shapeshifter) (Vaults:4)
  A hippogriff (shapeshifter) (Vaults:4)
  25 slime creatures
  10 blink frogs
  2 raiju (Abyss:3)
  2 snapping turtles (shapeshifter)
  11 hippogriffs
  2 dream sheep (Lair:6)
  A frost giant simulacrum (Vaults:3)
  A ynoxinul (Orc:2)
  2 water elementals (Depths:4)
  An ice dragon skeleton (Abyss:3)
  A spriggan (shapeshifter) (Vaults:1)
  2 shadows
  2 wyverns
  2 vampires (D:15)
  24 yaks
  3 spriggans
  5 wraiths
  2 hill giant zombies (D:12)
  An elf simulacrum (Depths:3)
  3 fire elementals (D:15)
  A basilisk (shapeshifter) (Vaults:2)
  A human simulacrum (Vaults:5)
  4 hogs (Snake:2)
  2 basilisks
  A neqoxec (Abyss:3)
  3 hungry ghosts
  A mottled dragon (D:15)
  54 nagas
  16 water moccasins
  10 wargs
  2 floating eyes (shapeshifter)
  3 soldier ants
  A floating eye (Depths:5)
  3 hell hounds (D:15)
  14 porcupines
  A black bear (D:12)
  10 ice beasts
  46 orc warriors
  A black bear (shapeshifter) (Abyss:3)
  2 eyes of draining
  2 human zombies (Vaults:3)
  8 wolves
  45 ogres
  6 phantoms
  16 boggarts
  18 centaurs
  7 crocodiles
  Blork the orc (D:4)
  9 bullfrogs
  A big kobold (D:7)
  A water moccasin zombie (D:9)
  A wyvern skeleton (D:12)
  5 scorpions
  11 wights
  5 killer bees (D:12)
  A troll zombie (D:12)
  An electric eel (Lair:3)
  5 howler monkeys
  5 crimson imps
  3 centaur zombies
  A quasit (D:10)
  5 draconian simulacra (IceCv)
  A bullfrog zombie (D:10)
  2 jellies
  4 bullfrog skeletons
  35 orc priests
  A hound (D:12)
  11 orc wizards
  A gnoll shaman (D:6)
  Jessica (D:2)
  5 iguanas
  A polar bear simulacrum (IceCv)
  14 worker ants
  A spriggan simulacrum (IceCv)
  6 troll simulacra (IceCv)
  A killer bee zombie (D:6)
  3 wolf simulacra (IceCv)
  3 ogre zombies (D:12)
  2 centaur simulacra (IceCv)
  A hound zombie (D:7)
  A worker ant zombie (D:6)
  A howler monkey skeleton (D:7)
  16 adders
  15 gnolls
  3 naga simulacra (IceCv)
  3 ogre simulacra (IceCv)
  6 shadow imps
  14 white imps
  An adder skeleton (D:7)
  A worm (D:3)
  5 leopard geckos
  82 orcs
  3 giant cockroaches
  2 goblins
  7 hobgoblins
  7 jackals
  7 kobolds
  4 quokkas
  A ball python (D:2)
  5 bats
  7 frilled lizards
  4 goblin zombies (D:12)
  A hobgoblin skeleton (D:12)
  2 hobgoblin zombies (D:12)
  2 orc skeletons (D:12)
  10 orc zombies (D:12)
  A quokka skeleton (D:7)
  3 rats
  A bush (Lair:6)
  2 crawling corpses (Vaults:5)
  2 lurking horrors (Abyss:3)
  9 plants
  A starspawn tentacle (Abyss:3)
1522 creatures vanquished.

Vanquished Creatures (collateral kills)
  A fire dragon (Vaults:3)
1 creature vanquished.

Vanquished Creatures (others)
  A bone dragon (Abyss:3)
  A deep elf sorcerer (Vaults:5)
  A stone giant (Depths:2)
  Nessos (D:12)
  2 yaktaur captains
  A naga sharpshooter (Snake:4)
  A shadow wraith (Vaults:4)
  An unseen horror (Vaults:1)
  A cyclops (Vaults:2)
  10 yaktaurs
  A meliai (shapeshifter) (Vaults:1)
  A redback (shapeshifter) (Depths:2)
  A human (Snake:2)
  A boggart (Vaults:1)
  2 centaurs (Vaults:2)
  An orc wizard (Vaults:5)
  A bush (Lair:6)
  A fungus (Lair:5)
  13 plants
  7 starspawn tentacles (Abyss:3)
  31 toadstools
80 creatures vanquished.

Grand Total: 1603 creatures vanquished

Notes
Turn   | Place    | Note
-------+----------+-------------------------------------------
     0 | D:1      | Kloppie the Draconian Berserker began the quest for the Orb.
     0 | D:1      | Reached XP level 1. HP: 19/19 MP: 1/1
   121 | D:1      | Reached XP level 2. HP: 21/26 MP: 2/2
   669 | D:2      | Found a shimmering altar of Xom.
   824 | D:2      | Reached skill level 4 in Fighting
   840 | D:2      | Reached ** piety under Trog
   840 | D:2      | Reached XP level 3. HP: 29/33 MP: 3/3
   908 | D:2      | Noticed Jessica
   918 | D:2      | Killed Jessica
   933 | D:2      | Found a white marble altar of Elyvilon.
  1039 | D:2      | Found a basalt altar of Yredelemnul.
  1123 | D:2      | Reached XP level 4. HP: 38/41 MP: 4/4
  1631 | D:3      | Reached skill level 5 in Fighting
  1634 | D:3      | Reached XP level 5. HP: 28/48 MP: 5/5
  1676 | D:3      | HP: 2/48 [adder (1)]
  1881 | D:3      | Reached skill level 5 in Axes
  2055 | D:4      | Reached XP level 6. HP: 57/57 MP: 6/6
  2577 | D:4      | Noticed Blork the orc
  2594 | D:4      | Killed Blork the orc
  2594 | D:4      | Reached skill level 6 in Fighting
  2616 | D:5      | Entered Level 5 of the Dungeon
  3121 | D:5      | Your scales start taking on a lurid green colour.
  3121 | D:5      | Reached XP level 7. HP: 62/64 MP: 7/7
  3121 | D:5      | Gained mutation: Your system is resistant to poisons. (rPois) [Green Draconian growth]
  3288 | D:6      | Found a bloodstained altar of Trog.
  3310 | D:6      | Reached *** piety under Trog
  3477 | D:6      | Reached skill level 7 in Fighting
  3635 | D:6      | Reached XP level 8. HP: 55/74 MP: 8/8
  4087 | D:6      | Gained mutation: You are robust. (+10% HP) [potion of mutation]
  4087 | D:6      | Gained mutation: Your spells are a little easier to cast, but a little less powerful. [potion of mutation]
  4087 | D:6      | Gained mutation: You possess an exceptional clarity of mind. [potion of mutation]
  4202 | D:7      | Reached skill level 8 in Fighting
  4546 | D:7      | Reached **** piety under Trog
  4844 | D:7      | Found a staircase to the Ecumenical Temple.
  4855 | D:7      | Got a pair of steaming gloves
  4861 | D:7      | Identified the +5 pair of gloves "Moelil" {rElec} (You found it on level 7 of the Dungeon)
  5001 | D:7      | Found a sparkling altar of Nemelex Xobeh.
  5467 | D:8      | Reached XP level 9. HP: 90/90 MP: 9/9
  5598 | D:8      | Noticed a hill giant
  5609 | D:8      | Killed a hill giant
  5609 | D:8      | Reached skill level 5 in Dodging
  5793 | D:8      | Found a radiant altar of Vehumet.
  5822 | D:8      | Found a bloodstained altar of Trog.
  5823 | D:8      | Found a stormy altar of Qazlal.
  5823 | D:8      | Found a hazy altar of Hepliaklqana.
  5824 | D:8      | Found a hide-covered altar of Uskayaw.
  6213 | D:7      | Reached skill level 10 in Axes
  6319 | D:9      | You fall through a shaft!
  6319 | D:10     | Entered Level 10 of the Dungeon
  6319 | D:10     | Noticed a hill giant
  6326 | D:10     | Killed a hill giant
  6566 | D:10     | Noticed an elephant
  6567 | D:10     | Found a staircase to the Lair.
  6568 | D:10     | Noticed a troll
  6608 | D:10     | Killed an elephant
  6608 | D:10     | Reached XP level 10. HP: 99/99 MP: 10/10
  7192 | D:9      | Noticed a deep elf mage
  7210 | D:9      | Killed a deep elf mage
  7664 | D:9      | Noticed a centaur warrior
  7687 | D:9      | Killed a centaur warrior
  8388 | D:10     | Found a radiant altar of Vehumet.
  8388 | D:10     | Noticed Psyche
  8395 | D:10     | Killed Psyche
  8751 | D:10     | Noticed a gargoyle
  8768 | D:10     | Killed a gargoyle
  9084 | Lair:1   | Entered Level 1 of the Lair of Beasts
  9153 | Lair:1   | Reached skill level 1 in Shields
  9153 | Lair:1   | Reached XP level 11. HP: 104/104 MP: 11/11
  9573 | Lair:1   | Reached ***** piety under Trog
  9748 | Lair:1   | Reached skill level 5 in Shields
  9862 | Lair:2   | Noticed Nefinien's ghost (journeyman TeBe)
  9901 | Lair:2   | Killed Nefinien's ghost
  9952 | Lair:2   | Noticed a five-headed hydra
  9969 | Lair:2   | Killed a five-headed hydra
 10599 | Lair:2   | Found a staircase to the Snake Pit.
 10747 | Lair:2   | Noticed a four-headed hydra
 10766 | Lair:2   | Killed a four-headed hydra
 11350 | Lair:2   | Noticed a six-headed hydra
 11363 | Lair:2   | Killed a six-headed hydra
 11363 | Lair:2   | Reached skill level 10 in Shields
 11363 | Lair:2   | Reached XP level 12. HP: 113/113 MP: 12/12
 11525 | Lair:3   | Noticed a catoblepas
 11555 | Lair:3   | Killed a catoblepas
 11926 | Lair:3   | Found a staircase to the Shoals.
 12351 | Lair:4   | Received a gift from Trog
 12977 | Lair:4   | Found a runed door.
 13219 | Lair:4   | Noticed a catoblepas
 13245 | Lair:4   | Killed a catoblepas
 13258 | Lair:4   | Noticed a catoblepas
 13293 | Lair:4   | Killed a catoblepas
 13653 | Lair:5   | Found a labyrinth entrance.
 13681 | Lab      | Entered a labyrinth
 15161 | Lab      | Noticed a minotaur
 15173 | Lab      | Killed a minotaur
 15309 | Lab      | Got a heavily runed silver amulet
 15309 | Lab      | Got a twitching golden ring
 15314 | Lab      | Identified the amulet of Ubloogim {+Rage rElec} (You found it in a labyrinth)
 15316 | Lab      | Identified the ring "Xomigg" {MP+9 Int+3} (You found it in a labyrinth)
 15382 | Lair:5   | Reached XP level 13. HP: 103/121 MP: 13/13
 15529 | Lair:5   | Identified a +6 rod of ignition (14/14) (You took it off a minotaur in a labyrinth)
 17006 | D:11     | Identified Ujups's Guide on the Voyage
 17258 | D:12     | Noticed Frances
 17276 | D:12     | Killed Frances
 17276 | D:12     | Reached skill level 15 in Shields
 17341 | D:12     | Found a staircase to the Orcish Mines.
 17929 | D:12     | Noticed Nessos
 17946 | D:12     | Killed Nessos
 18160 | D:13     | Found a frozen archway.
 18181 | IceCv    | Entered an ice cave
 18586 | IceCv    | Found an ancient bone altar of Kikubaaqudgha.
 18590 | IceCv    | Reached skill level 9 in Fighting
 18594 | IceCv    | Received a gift from Trog
 18777 | IceCv    | Identified the Compendium of the Poles
 19052 | D:13     | Reached skill level 10 in Fighting
 19114 | D:13     | Identified the Catalogue of Frigorific Lightness
 19415 | D:13     | Received a gift from Trog
 19618 | Orc:1    | Entered Level 1 of the Orcish Mines
 19718 | Orc:2    | Entered Level 2 of the Orcish Mines
 19731 | Orc:2    | Reached ****** piety under Trog
 19759 | Orc:2    | Found a staircase to the Elven Halls.
 19996 | Orc:2    | Noticed Snorg
 20006 | Orc:2    | Killed Snorg
 20006 | Orc:2    | Reached skill level 11 in Fighting
 20006 | Orc:2    | Gained mutation: Your tail ends in a poisonous barb. [Green Draconian growth]
 20006 | Orc:2    | Reached XP level 14. HP: 136/136 MP: 4/14
 20348 | Orc:2    | Found Cujay's Distillery.
 20384 | Orc:2    | Found Qudojymu's Distillery.
 20755 | Orc:2    | Bought a potion of cure mutation for 350 gold pieces
 20995 | Orc:2    | Reached skill level 15 in Axes
 21041 | Orc:2    | Received a gift from Trog
 21488 | Orc:2    | Found Begi's Antique Weapon Boutique.
 21488 | Orc:2    | Found Jebops's Gadget Shop.
 21488 | Orc:2    | Found a one-way gate leading to the halls of Pandemonium.
 21724 | Lair:6   | Entered Level 6 of the Lair of Beasts
 21878 | Lair:6   | Noticed Dolanko's ghost (journeyman MiBe)
 21926 | Lair:6   | Killed Dolanko's ghost
 21938 | Lair:6   | Found a runed door.
 21941 | Lair:6   | Found a viscous altar of Jiyva.
 21941 | Lair:6   | Noticed an acid blob
 21942 | Lair:6   | Noticed an acid blob
 21943 | Lair:6   | Noticed an acid blob
 21947 | Lair:6   | Found a staircase to the Slime Pits.
 21947 | Lair:6   | Noticed an acid blob
 21961 | Lair:6   | Found a blossoming altar of Fedhas.
 22689 | Lair:6   | Received a gift from Trog
 22731 | Lair:6   | Reached skill level 12 in Fighting
 22833 | Lair:6   | Reached XP level 15. HP: 146/146 MP: 15/15
 23257 | Snake:1  | Entered Level 1 of the Snake Pit
 23417 | Snake:1  | Noticed a nagaraja
 23432 | Snake:1  | Killed a nagaraja
 23505 | Snake:1  | Found Aqerung's Weapon Shop.
 23619 | Snake:1  | Found Quemus's Weapon Boutique.
 23675 | Snake:1  | Reached skill level 13 in Fighting
 23705 | Snake:1  | Found Qeitodu's Antique Weapon Emporium.
 23772 | Snake:1  | Found Xacuelauf's Magic Scroll Shoppe.
 23789 | Snake:1  | Bought a scroll of brand weapon for 280 gold pieces
 24028 | Snake:2  | Noticed a nagaraja
 24048 | Snake:2  | Killed a nagaraja
 24147 | Snake:2  | Noticed Jorgrun
 24165 | Snake:2  | Killed Jorgrun
 24217 | Snake:2  | Noticed a nagaraja
 24217 | Snake:2  | Noticed Kirke
 24238 | Snake:2  | Received a gift from Trog
 24240 | Snake:2  | Killed Kirke
 24249 | Snake:2  | Killed a nagaraja
 24339 | Snake:2  | Noticed a nagaraja
 24349 | Snake:2  | Killed a nagaraja
 24793 | Snake:2  | Noticed a nagaraja
 24808 | Snake:2  | Killed a nagaraja
 25393 | Snake:3  | Noticed a nagaraja
 25406 | Snake:3  | Killed a nagaraja
 25582 | Snake:3  | Noticed a nagaraja
 25594 | Snake:3  | Killed a nagaraja
 26297 | D:14     | Reached XP level 16. HP: 150/157 MP: 5/16
 26321 | D:14     | Reached skill level 5 in Stealth
 26483 | D:14     | Found a gate to the Vaults.
 26753 | D:14     | Noticed humperndinck's ghost (journeyman DrVM)
 26764 | D:14     | Killed humperndinck's ghost
 27032 | D:14     | Received a gift from Trog
 27148 | D:15     | Entered Level 15 of the Dungeon
 27218 | D:15     | Found a staircase to the Depths.
 27407 | D:15     | Noticed Azrael
 27451 | D:15     | Killed Azrael
 27613 | D:15     | Reached skill level 14 in Fighting
 27676 | D:15     | Found a deep blue altar of Sif Muna.
 27814 | D:15     | Noticed donomii's ghost (journeyman FoAK)
 27865 | D:15     | Killed donomii's ghost
 28298 | Depths:1 | Entered Level 1 of the Depths
 28302 | Depths:1 | Found a shattered altar of Ashenzari.
 28700 | Snake:3  | Received a gift from Trog
 28701 | Snake:3  | Got an encrusted war axe {god gift}
 28702 | Snake:3  | Identified the +4 war axe "Owaghir" {chop, rElec rPois rF-} (Trog gifted it to you on level 3 of the Snake Pit)
 28750 | Snake:4  | Entered Level 4 of the Snake Pit
 28768 | Snake:4  | Reached skill level 15 in Fighting
 29304 | Snake:4  | Reached skill level 10 in Dodging
 29902 | Snake:4  | Received a gift from Trog
 30318 | Snake:4  | Reached XP level 17. HP: 102/171 MP: 5/17
 30752 | Snake:4  | Got a serpentine rune of Zot
 30917 | Snake:4  | Noticed Agnes
 30931 | Snake:4  | Killed Agnes
 30966 | Snake:4  | Noticed Saint Roka
 30998 | Snake:4  | Killed Saint Roka
 31001 | Snake:4  | Received a gift from Trog
 31740 | Vaults:1 | Entered Level 1 of the Vaults
 32002 | Vaults:1 | Paralysed by an ogre mage for 4 turns
 32642 | Vaults:1 | Found a stormy altar of Qazlal.
 32734 | Vaults:1 | Reached skill level 16 in Fighting
 32929 | Vaults:1 | Received a gift from Trog
 33409 | Vaults:2 | Reached XP level 18. HP: 170/184 MP: 6/18
 33664 | Vaults:2 | Paralysed by a great orb of eyes for 4 turns
 33675 | Vaults:2 | Found Kaniwnol's Magic Scroll Boutique.
 33739 | Vaults:2 | Found Immit's Book Emporium.
 33751 | Vaults:2 | Reached skill level 17 in Fighting
 34912 | Vaults:3 | Reached skill level 18 in Fighting
 34913 | Vaults:3 | Found a staircase to the Crypt.
 35049 | Vaults:3 | Received a gift from Trog
 35181 | Vaults:3 | Reached skill level 19 in Fighting
 36044 | Vaults:4 | Received a gift from Trog
 36280 | Vaults:4 | Identified the Disquisition on Weightlessness
 36290 | Vaults:4 | Reached skill level 15 in Dodging
 36464 | Vaults:4 | Reached XP level 19. HP: 201/201 MP: 6/19
 36529 | Vaults:4 | Gained mutation: You expend magic power (3 MP) to strengthen your wands. [a cacodemon]
 36846 | Vaults:4 | Noticed a lich
 36861 | Vaults:4 | Killed a lich
 37245 | Vaults:4 | Identified a scroll of acquirement
 37291 | Vaults:4 | Received a gift from Trog
 37543 | Vaults:4 | Paralysed by a sphinx for 4 turns
 37644 | Vaults:4 | Cast into level 3 of the Abyss (a deep elf sorcerer)
 37721 | Abyss:3  | Got an abyssal rune of Zot
 37885 | Abyss:3  | Noticed a bone dragon
 37917 | Abyss:3  | Killed a bone dragon
 37931 | Vaults:4 | Escaped the Abyss
 38397 | Vaults:4 | Received a gift from Trog
 38538 | Vaults:4 | Found a snail-covered altar of Cheibriados.
 38694 | Vaults:5 | Entered Level 5 of the Vaults
 38932 | Vaults:4 | Reached XP level 20. HP: 175/212 MP: 6/20
 38936 | Vaults:4 | Reached skill level 20 in Fighting
 39737 | Vaults:4 | Received a gift from Trog
 39912 | Vaults:5 | Noticed an ancient lich
 39930 | Vaults:5 | Killed an ancient lich
 39950 | Vaults:5 | Reached skill level 10 in Stealth
 40510 | Vaults:5 | Received a gift from Trog
 40514 | Vaults:5 | Reached XP level 21. HP: 125/223 MP: 7/21
 40601 | Vaults:5 | Reached skill level 21 in Fighting
 40618 | Vaults:5 | HP: 11/224 [ettin/dire flail (41)]
 40623 | Vaults:5 | Got a silver rune of Zot
 41934 | Depths:1 | Found a gateway to Hell.
 42013 | Depths:1 | Noticed the Enchantress
 42058 | Depths:1 | Killed the Enchantress
 42322 | Depths:1 | Received a gift from Trog
 42565 | Depths:2 | Reached skill level 22 in Fighting
 43405 | Depths:2 | Noticed Aizul
 43425 | Depths:2 | Killed Aizul
 44077 | Depths:2 | Noticed Mara
 44097 | Depths:2 | Reached skill level 23 in Fighting
 44112 | Depths:2 | Killed Mara
 44137 | Depths:2 | Received a gift from Trog
 44432 | Depths:2 | Noticed Bai Suzhen
 44459 | Depths:2 | Killed Bai Suzhen
 44879 | Depths:2 | Reached XP level 22. HP: 218/244 MP: 7/22
 45205 | Depths:2 | Reached skill level 24 in Fighting
 46237 | Depths:3 | Noticed a golden dragon
 47243 | Depths:3 | Killed a golden dragon
 47394 | Depths:4 | Reached skill level 25 in Fighting
 47981 | Depths:4 | Found a portal to a secret trove of treasure.
 48012 | Depths:4 | Received a gift from Trog
 48014 | Depths:4 | Paralysed by a wizard for 6 turns
 48577 | Depths:5 | Entered Level 5 of the Depths
 48584 | Depths:5 | Paralysed by a floating eye for 4 turns
 48613 | Depths:5 | Noticed Xtahua
 48618 | Depths:5 | Paralysed by Xtahua for 7 turns
 48624 | Depths:5 | Slain by an ettin

Skill      XL: |  1  2  3  4  5  6  7  8  9 10 11 12 13 14 15 16 17 18 19 20 21 22 |
---------------+-------------------------------------------------------------------+-----
Fighting       | 4 5 6 7 8 11 12 13 15 16 19 20 23 25 | 25.5
Axes           | 4 5 6 7 9 10 13 14 16 18 | 18.0
Dodging        | 3 6 7 8 9 11 14 15 17 | 17.8
Shields        | 1 10 14 15 | 15.1
Stealth        | 4 6 12 | 12.1

Action                   |  1- 3 |  4- 6 |  7- 9 | 10-12 | 13-15 | 16-18 | 19-21 | 22-24 || total
-------------------------+-------+-------+-------+-------+-------+-------+-------+-------++-------
Melee: Hand axe          |    80 |   220 |   473 |   134 |       |       |       |       ||   907
       Tailslap          |     5 |    29 |    88 |   141 |   258 |   367 |   287 |   142 ||  1317
       War axe           |       |       |       |   672 |   202 |       |       |       ||   874
       Flail             |       |       |       |    32 |    22 |       |       |       ||    54
       Broad axe         |       |       |       |       |  1358 |  1105 |  1336 |   561 ||  4360
       Demon whip        |       |       |       |       |     8 |   776 |       |       ||   784
Invok: Berserk           |       |     6 |     6 |    11 |     8 |    16 |    16 |       ||    63
       Trog's Hand       |       |     3 |     1 |     5 |     4 |    13 |    12 |     2 ||    40
       Brothers in Arms  |       |       |       |       |       |     1 |     3 |       ||     4
 Abil: Stop Flying       |       |       |       |       |       |       |     1 |       ||     1
Evoke: Wand              |       |       |       |       |       |       |     1 |       ||     1
  Use: Scroll            |       |     4 |    10 |    13 |    10 |     4 |    10 |     4 ||    55
       Potion            |       |       |     8 |       |     6 |     2 |     7 |     1 ||    24
 Stab: Sleeping          |     2 |       |       |       |     2 |    13 |     4 |     4 ||    25
       Distracted        |       |       |       |       |     3 |     6 |     5 |     1 ||    15
       Petrified         |       |       |       |       |    10 |       |       |       ||    10
       Petrifying        |       |       |       |       |     1 |       |       |       ||     1
       Confused          |       |       |       |       |       |     1 |       |       ||     1
       Invisible         |       |       |       |       |       |       |    27 |       ||    27
  Eat: Chunk             |     1 |    20 |    21 |    35 |    16 |    33 |    30 |    10 ||   166
       Meat ration       |       |       |       |       |     6 |     4 |     3 |       ||    13
       Royal jelly       |       |       |       |       |     1 |       |     2 |       ||     3
       Pizza             |       |       |       |       |     1 |     1 |       |       ||     2
       Bread ration      |       |       |       |       |       |       |       |     1 ||     1
Armor: Skin              |    31 |    59 |   129 |   287 |   206 |   157 |   206 |    62 ||  1137
Dodge: Dodged            |    54 |   160 |   382 |   606 |   594 |   667 |   881 |   299 ||  3643
Block: Shield            |       |       |       |   353 |  1419 |  1407 |  1232 |   435 ||  4846
       Reflection        |       |       |       |       |    53 |   146 |    43 |    33 ||   275
